 Dungeon Crawl Stone Soup version 0.31-a0-37-g98a128e1d9 (webtiles) character file.

Game seed: 5680078005669044666

105 Nedwor the Cutter (level 4, -6/35 HPs)
             Began as a Demonspawn Gladiator on May 15, 2023.
             Mangled by an ogre
             ... wielding a +0 giant club
              (25 damage)
             ... on level 4 of the Dungeon.
             The game lasted 00:03:43 (2596 turns).

Nedwor the Cutter (Demonspawn Gladiator)            Turns: 2596, Time: 00:03:44

Health: -6/35      AC: 10    Str: 16    XL:     4   Next: 54%
Magic:  4/4        EV:  8    Int: 10    God:
Gold:   212        SH:  0    Dex: 14    Spells: 3/3 levels left

rFire   . . .        a - +0 rapier
rCold   . . .        (no shield)
rNeg    + . .        f - +0 chain mail
rPois   .            c - +0 helmet
rElec   .            (no cloak)
rCorr   +            (no gloves)
SInv    .            (no boots)
Will    .....        (no amulet) Stlth
                     l - ring of positive energy
HPRegen 0.25/turn    b - ring of resist corrosion
MPRegen 0.09/turn

%: no passive effects
@: no status effects
A: rugged brown scales 1, powered by death 1, powered by pain 1
a: no special abilities


You were on level 4 of the Dungeon.
You visited 1 branch of the dungeon, and saw 4 of its levels.

You collected 212 gold pieces.

Inventory:

Hand Weapons
 a - a +0 rapier (weapon)
Armour
 c - a +0 helmet (worn)
 f - a +0 chain mail (worn)
Jewellery
 b - a ring of resist corrosion (right hand)
 l - a ring of positive energy (left hand)
Scrolls
 d - a scroll of teleportation {unknown}
 h - a scroll of blinking
Potions
 j - a potion of invisibility {unknown}


   Skills:
 + Level 2.7 Fighting
 * Level 3.7 Short Blades
 - Level 1.7 Throwing
 + Level 1.5 Armour
 + Level 3.2 Dodging


You had 3 spell levels left.
You didn't know any spells.
Your spell library contained the following spells:

 Spells                   Type           Power      Damage    Failure   Level
 Ensorcelled Hibernation  Hex/Ice        0%         N/A       100%        2
 Passwall                 Tmut/Erth      0%         N/A       100%        2
 Swiftness                Air            0%         N/A       100%        3


Dungeon Overview and Level Annotations

Branches:
Dungeon (4/15)
 Temple: D:4-7

Altars:


Innate Abilities, Weirdness & Mutations

You are partially covered in rugged brown scales. (AC +1, +3% HP)
You regenerate a little health from kills.
You sometimes gain a little power by taking damage.


Message History

An endoplasm is nearby!
An ogre comes into view. It is wielding a +0 giant club.
Found a scroll labelled REIHUI TINURA.
The endoplasm quivers.
You hit the endoplasm.
The endoplasm is almost dead.
The endoplasm hits you but does no damage.
You hit the endoplasm.
You kill the endoplasm!
No target in view!
No target in view!
No target in view!
No target in view!
No target in view!
No target in view!
No target in view!
No target in view!
No target in view!
Found a scroll labelled DALEGAWIHOE.
You hit the ogre.
The ogre is lightly wounded.
The ogre barely misses you.
You hit the ogre.
The ogre is lightly wounded.
The ogre hits you but does no damage.
You hit the ogre but do no damage.
The ogre is lightly wounded.
You hit the ogre but do no damage.
The ogre is lightly wounded.
The ogre hits you with a +0 giant club!
You hit the ogre.
The ogre is lightly wounded.
The ogre hits you with a +0 giant club!
You hit the ogre.
The ogre is moderately wounded.
You hit the ogre.
The ogre is moderately wounded.
The ogre hits you with a +0 giant club!!
Ouch! That really hurt!
You die...

###.# ###....#
#...##.# #
###.####.# ##
.##.....##.# ..#
#<..##.....#####
..?#
#.#####........###
....# ###
####.......#......
#.##..#@......#
...###.O##.....#
##### ##.# ....#
#.# ...# #.# ###
#?# #.# #.


You could see an ogre.

Vanquished Creatures
  5 adders
  5 dart slugs
  5 orcs (D:3)
  3 bats
  5 endoplasms
  3 giant cockroaches
  4 goblins
  A hobgoblin (D:2)
  A quokka (D:1)
  6 ball pythons
  5 frilled lizards
  A kobold (D:3)
  4 rats
48 creatures vanquished.

Notes
Turn   | Place    | Note
-------+----------+-------------------------------------------
     0 | D:1      | Nedwor the Demonspawn Gladiator began the quest for the
                  | Orb.
     0 | D:1      | Reached XP level 1. HP: 16/16 MP: 1/1
   176 | D:1      | Gained mutation: You regenerate a little health from kills.
                  | [demonic ancestry]
   176 | D:1      | Reached XP level 2. HP: 22/22 MP: 2/2
   673 | D:1      | Gained mutation: You sometimes gain a little power by
                  | taking damage. [demonic ancestry]
   673 | D:1      | Reached XP level 3. HP: 28/28 MP: 3/3
   815 | D:2      | Reached skill level 1 in Armour
  1507 | D:3      | Gained mutation: You are partially covered in rugged brown
                  | scales. (AC +1, +3% HP) [demonic ancestry]
  1507 | D:3      | Reached XP level 4. HP: 28/35 MP: 4/4
  1844 | D:3      | HP: 1/35 [orc/+0 flail (7)]
  2585 | D:4      | Noticed an ogre
  2596 | D:4      | Mangled by an ogre

Illustrated notes

Levels and vault maps discovered:
D:1:      minmay_arrival_loop, layout_loops_ring
D:2:      layout_basic, serial_forest, infiniplex_forest_lined_corner,
          infiniplex_forest_lined_room_3, infiniplex_forest_clump_medium,
          infiniplex_forest_end_2, infiniplex_forest_straight_2,
          infiniplex_forest_lined_2
D:3:      layout_basic, supply_closet_lemuel
D:4:      minmay_clustersquares, layout_rooms,
          gammafunk_temple_overflow_forgotten, minivault_11

Skill      XL: |  1  2  3 |
---------------+----------+-----
Short Blades   | 3 |  3.7
Armour         | 1 |  1.5
Dodging        | 3 |  3.2
Fighting       | |  2.7
Throwing       | |  1.7

Action                     |  1- 3 |  4- 6 || total
---------------------------+-------+-------++-------
  Melee: Rapier            |   122 |    57 ||   179
         Punch             |     2 |     1 ||     3
    Use: Scroll            |       |     4 ||     4
         Potion            |       |     3 ||     3
 Armour: Chain mail        |    69 |    47 ||   116
  Dodge: Dodged            |    40 |    29 ||    69

Table legend: (Time is in decaauts)
 A = Elapsed time spent in this place.
 B = Non-inter-level travel time spent in this place.
 C = Inter-level travel time spent in this place.
 D = Time resting spent in this place.
 E = Time spent auto-exploring this place.
 F = Levels seen in this place.
 G = Mean time per level.
                   A        B        C        D        E       F      G
               +--------+--------+--------+--------+--------+-----+--------+
         Total |   2595 |   2506 |     89 |    435 |   1699 |   4 |  648.8 |
       Dungeon |   2595 |   2506 |     89 |    435 |   1699 |   4 |  648.8 |
               +--------+--------+--------+--------+--------+-----+--------+

Top non-repeatable levels by time:
     D:3: 1021 daAuts
     D:1: 785 daAuts
     D:2: 625 daAuts
     D:4: 162 daAuts
